Map: Cyber Forest LE

Players

Garethax

  • Race: Protoss Protoss
  • League: Diamond
  • Spawn Location: 5:00

Woah - Winner!

  • Race: Terran Terran
  • Spawn Location: 11:00

VOD

Have the link to the VOD?

Description

Time

  • Played on: June 14, 2019, 3:57 p.m.
  • Length: 13:19
Show
View Real Time Build Order
Export as new Build Order

Garethax Protoss 

Build Orders:  

Get SALT Encoding   

  12  0:01  Probe  
  13  0:14  Probe  
  14  0:20  Pylon  
  14  0:26  Probe  
  15  0:39  Probe, Gateway  
  15  0:48  Probe  
  16  0:50  Assimilator  
  17  1:06  Probe  
  18  1:23  Probe, Gateway  
  19  1:31  Pylon  
  19  1:40  Cybernetics Core  
  19  1:41  Assimilator  
  19  1:42  Probe  
  20  1:54  Probe  
  21  2:09  Adept  
  21  2:10  Probe, Adept  
  22  2:21  Pylon  
  26  2:38  Shield Battery  
  26  2:39  Pylon  
  26  2:48  Stalker  
  28  2:54  Adept  
  30  3:21  Nexus, Twilight Council  
  30  3:41  Probe  
  30  3:44  Warp Gate  
  30  3:47  Stalker x2  
  35  3:54  Probe  
  36  4:06  Probe  
  36  4:09  Blink  
  37  4:16  Gateway  
  37  4:24  Pylon  
  37  4:40  Stalker x2  
  37  4:44  Probe  
  38  4:46  Probe  
  43  4:56  Probe  
  43  4:58  Probe  
  43  4:59  Gateway  
  45  5:06  Robotics Facility  
  45  5:08  Probe  
  45  5:10  Probe  
  47  5:17  Assimilator  
  37  5:32  Stalker  
  37  5:33  Stalker x2  
  41  5:39  Pylon  
  41  5:44  Pylon  
  41  5:48  Probe  
  42  5:50  Assimilator  
  42  5:51  Observer, Probe  
  43  5:57  Pylon  
  43  6:01  Probe  
  44  6:04  Probe  
  44  6:09  Sentry x2, Probe  
  44  6:11  Robotics Bay  
  50  6:16  Probe  
  50  6:18  Stalker  
  54  6:19  Probe  
  55  6:27  Pylon  
  55  6:29  Sentry, Probe  
  55  6:31  Probe  
  59  6:41  Probe  
  59  6:43  Probe, Forge  
  62  6:47  Observer  
  62  6:48  Pylon  
  62  6:53  Probe  
  63  7:00  Colossus, Protoss Ground Weapons Level 1  
  63  7:13  Nexus  
  69  7:20  Probe x2  
  71  7:32  Probe  
  71  7:37  Stalker x2, Pylon  
  74  7:38  Zealot  
  78  7:45  Colossus  
  78  7:55  Probe  
  85  8:03  Probe  
  86  8:16  Observer  
  86  8:21  Pylon  
  86  8:24  Probe x2  
  86  8:25  Pylon  
  86  8:26  Pylon  
  88  8:30  Pylon  
  88  8:33  Templar Archives  
  88  8:37  Probe  
  88  8:38  Colossus  
  94  8:50  Protoss Ground Armor Level 1  
  94  8:56  Sentry x2  
  94  8:57  Zealot x2, Forge  
  86  9:21  Stalker x2  
  86  9:22  Stalker x2  
  88  9:43  Warp Prism  
  82  10:04  Probe  
  82  10:05  Charge  
  79  10:07  Zealot x4  
  79  10:08  Probe  
  79  10:09  Probe  
  89  10:18  Gateway  
  89  10:20  Protoss Ground Weapons Level 2  
  89  10:21  Colossus, Gateway  
  89  10:23  Gateway  
  89  10:31  Probe  
  89  10:34  Stalker x4  
  104  10:38  Psionic Storm  
  104  10:51  Probe  
  104  10:52  Probe  
  104  10:53  Assimilator  
  104  10:54  Assimilator  
  104  10:55  Protoss Ground Armor Level 2  
  106  10:59  Probe  
  106  11:04  Probe x2, Gateway  
  109  11:06  Gateway  
  109  11:07  Robotics Facility  
  109  11:10  Gateway  
  109  11:11  Gateway  
  109  11:12  Zealot x4  
  101  11:47  Colossus  
  89  11:52  Probe  
  84  11:57  Probe  
  85  12:02  Stargate  
  85  12:12  Probe x2  
  87  12:16  Stargate  
  87  12:18  Zealot x7  
  87  12:19  Zealot x4  
  84  12:39  Stalker x4  
  84  12:40  Stalker x5  
  94  12:52  Zealot x2  
  84  13:05  Stalker x4  
  75  13:06  Zealot  
Show
View Real Time Build Order
Export as new Build Order

Woah Terran - Winner!

Build Orders:  

Get SALT Encoding   

  12  0:01  SCV  
  13  0:13  SCV  
  14  0:18  Supply Depot  
  14  0:25  SCV  
  15  0:40  SCV  
  15  0:41  Barracks  
  16  0:44  Refinery  
  16  0:52  SCV  
  17  1:04  SCV  
  18  1:16  SCV  
  19  1:39  Command Center  
  20  1:41  Marine  
  21  1:50  Orbital Command  
  20  2:02  Barracks  
  21  2:09  Barracks Reactor  
  20  2:22  Barracks  
  20  2:25  SCV  
  21  2:38  Supply Depot  
  21  2:41  SCV  
  22  2:45  Marine  
  22  2:50  Marine  
  24  2:52  Barracks Tech Lab  
  24  2:56  Orbital Command  
  24  3:07  SCV  
  24  3:11  Stimpack, Barracks Tech Lab  
  25  3:13  Marine  
  25  3:14  Marine  
  28  3:20  SCV  
  28  3:30  Marine  
  28  3:31  Marine  
  28  3:32  Orbital Command  
  29  3:34  Marauder  
  31  3:47  Bunker, Marine  
  31  3:48  Factory  
  32  3:54  Marauder  
  34  3:58  Combat Shield  
  34  4:03  SCV  
  34  4:05  SCV  
  36  4:14  Engineering Bay, Marine  
  36  4:16  Marine  
  38  4:22  Supply Depot  
  38  4:34  Starport  
  37  4:47  Marauder  
  39  4:55  SCV x2  
  39  4:59  Marauder, Marine  
  44  5:01  Command Center  
  44  5:07  SCV  
  44  5:08  SCV  
  44  5:10  Supply Depot  
  46  5:19  SCV  
  44  5:31  Marine x2  
  44  5:32  Marauder x2  
  43  5:49  Marine x2, Factory Tech Lab  
  39  5:50  SCV  
  39  5:51  SCV  
  39  5:52  Supply Depot  
  39  5:53  Marauder, Marine  
  44  6:02  SCV  
  44  6:03  SCV, Starport Reactor  
  46  6:11  Concussive Shells  
  46  6:13  Orbital Command  
  46  6:15  SCV x2, Supply Depot  
  48  6:18  Refinery  
  48  6:21  Marauder, Marine x2, Refinery x2  
  53  6:27  SCV x2  
  53  6:28  Marauder  
  56  6:33  Orbital Command  
  56  6:39  SCV  
  57  6:42  Barracks x2  
  57  6:46  SCV  
  58  6:49  Supply Depot  
  58  6:51  Terran Infantry Weapons Level 1, SCV  
  59  6:58  SCV  
  59  7:01  Engineering Bay  
  60  7:03  SCV  
  60  7:07  Marine x3  
  64  7:12  Medivac  
  64  7:13  SCV  
  64  7:15  SCV  
  68  7:19  SCV  
  69  7:25  SCV  
  69  7:27  SCV  
  71  7:30  Siege Tank  
  71  7:31  SCV, Medivac  
  77  7:37  SCV  
  77  7:39  SCV, Barracks Reactor  
  77  7:41  Barracks Reactor  
  77  7:43  SCV, Missile Turret  
  80  7:52  SCV x2  
  80  7:54  Refinery  
  80  7:55  SCV, Liberator  
  80  7:56  Refinery  
  83  8:04  SCV, Liberator  
  83  8:05  SCV  
  85  8:07  SCV  
  85  8:08  Marauder, Marine x2  
  85  8:09  Marauder  
  95  8:16  SCV  
  95  8:17  SCV, Command Center  
  95  8:19  SCV  
  101  8:41  Starport  
  101  8:42  Armory  
  101  8:43  Supply Depot  
  101  8:47  Terran Infantry Armor Level 1  
  101  8:53  Liberator  
  101  9:04  Marine x4  
  101  9:05  Marauder x2, Liberator, Supply Depot  
  101  9:09  SCV  
  109  9:10  Marine x2  
  109  9:12  Siege Tank  
  101  9:23  Marine x3  
  101  9:24  Marine  
  104  9:26  Marauder x2  
  104  9:28  Supply Depot  
  108  9:35  Liberator  
  103  9:48  Marauder  
  103  9:49  Liberator  
  83  10:00  Marauder, Marine x3  
  83  10:02  Marine  
  83  10:03  Marine x2  
  94  10:09  Marauder  
  94  10:11  SCV  
  94  10:12  SCV x2, Orbital Command  
  99  10:18  Marine x3  
  99  10:19  Terran Infantry Weapons Level 2  
  99  10:20  Starport Tech Lab, Marine  
  103  10:21  Fusion Core  
  103  10:22  Marauder  
  103  10:23  SCV, Barracks  
  103  10:24  SCV x2  
  103  10:28  Siege Tank, Barracks  
  111  10:31  Marauder  
  111  10:32  Marine  
  114  10:35  SCV  
  114  10:36  SCV x2  
  117  10:45  Fusion Core  
  117  10:48  SCV x3  
  117  10:49  SCV, Sensor Tower  
  123  10:52  Marauder, Marine  
  123  10:53  Marine x2  
  123  10:54  Marine  
  127  10:57  Barracks  
  127  11:07  Command Center  
  127  11:08  Marine  
  127  11:10  Medivac  
  130  11:11  Medivac  
  124  11:55  Advanced Ballistics  
  124  11:56  Marine  
  124  11:57  Marauder, Marine x9  
  136  12:14  Marine  
  136  12:15  Marine x7  
  132  12:45  Factory, Barracks Tech Lab  
  129  12:51  Barracks Reactor  
Tags
 
League
Diamond
Matchup
PvT
Replay Pack
r1
Spawn Locations
Cross Positions
Add a new tag
Caveats
  • Supply blocks, unpowered buildings, or Contaminate may cause inaccurate times.
  • Supply counts are checked every 10 seconds.